Unix NetHack Version 3.7.0-95 Work-in-progress - last build Jan 1 2024 20:51:50 (6a0ccc5fa2390e420dd2d488a2f9488d2ae3a63b,branch:master). Game began 2024-01-13 16:44:09, ended 2024-01-13 19:23:03. playerb, chaotic female orcish Wizard --- ---|.------------------------------ --.-|<......|-.....................| --...|...--..|....#.....-------- | |.[.-|...|-..%.1........| ---.||...|..#.....----..| |.||...|........1..|..| | --.||.----...--|-|..|..-|.- |..||.|.(|...|%..|-..%@....- |.----|..+.%.|((+|.............| ---.| ------...|(((|+------..{...| --...| |........|---- .....- - ----...%---........| ...... |...%....%....-----..| --+--- ------....--..| |..| |....--|..| +..- |....| |..| |... |...-- |..| |... --.-- ---- --.. --- ---- Playerb the Thaumaturge St:12 Dx:14 Co:18 In:16 Wi:12 Ch:10 Chaotic S:8198 Dlvl:5 $:730 HP:0(74) Pw:2(74) AC:3 Xp:8/1752 T:6263 Satiated Blind Latest messages: The werewolf drinks an effervescent potion! The werewolf seems more experienced. Pick an object. The werewolf zaps a wand of magic missile! The magic missile hits you! The missiles bounce off! The magic missile hits the rock mole. The rock mole bites! Q - 2 uncursed daggers (at the ready) (11 in total). You hear a wolf howling at the moon. What do you want to zap? [jnsDI-KMRS or ?*] R In what direction? k The magic missile hits the werewolf! The magic missile bounces! In what direction? k The dagger hits the werewolf. In what direction? k The dagger hits the werewolf. In what direction? k The dagger hits the werewolf. In what direction? k The spell misses the werewolf. What do you want to zap? [jnsDI-KMRS or ?*] D In what direction? k The werewolf's wand of magic missile breaks apart and explodes! The bolt of lightning hits the werewolf! The werewolf bites! You hit the werewolf. You kill the werewolf! You learn more about your items by comparing them. Q - 5 uncursed daggers (at the ready) (13 in total). You see here an uncursed dagger. Q - an uncursed dagger (at the ready) (14 in total). You see here an uncursed dagger. Q - an uncursed dagger (at the ready) (15 in total). You see here an uncursed dagger. Q - an uncursed dagger (at the ready) (16 in total). Wait! That's a giant mimic! You cannot escape from the giant mimic! What do you want to zap? [jnsDI-KMRS or ?*] D In what direction? n The bolt of lightning hits the giant mimic! The bolt of lightning bounces! The bolt of lightning hits the giant mimic! The bolt of lightning hits you! You are blinded by the flash! It hits! It hits again! You die... Do you want your possessions identified? [ynq] (y) q Inventory: Coins $ - 730 gold pieces Weapons a - 2 +1 daggers named (+1) (wielded) Q - 16 +0 daggers (at the ready) T - a cursed -1 elven dagger b - a blessed +1 quarterstaff (alternate weapon; not wielded) Armor Y - an uncursed +0 orcish helm (being worn) v - an uncursed +0 pair of leather gloves (being worn) q - an uncursed +0 pair of speed boots (being worn) y - an uncursed +0 cloak of magic resistance (being worn) V - an uncursed +1 leather armor (being worn) Comestibles H - 2 uncursed cram rations m - an uncursed cream pie r - 2 uncursed food rations l - an uncursed tripe ration G - 2 uncursed lizard corpses Scrolls i - 2 uncursed scrolls of create monster w - an uncursed scroll of enchant armor P - a cursed scroll of enchant armor u - a cursed scroll of light z - an uncursed scroll of scare monster x - a cursed scroll of taming F - an uncursed scroll of teleportation Z - a cursed scroll of teleportation Potions E - 2 uncursed potions of extra healing Rings d - an uncursed +2 ring of increase accuracy (on left hand) L - a cursed -1 ring of increase accuracy U - an uncursed ring of polymorph p - an uncursed ring of protection from shape changers e - an uncursed ring of warning (on right hand) Wands D - a wand of lightning (0:1) I - a cursed wand of locking (0:7) R - a wand of magic missile (0:3) M - a wand of make invisible (0:7) n - a wand of nothing (0:10) s - a wand of polymorph (0:4) J - a wand of probing (0:8) K - a cursed wand of probing (0:5) S - a wand of striking (0:5) j - a wand of undead turning (0:3) Tools c - a cursed blindfold h - an uncursed skeleton key k - a +0 unicorn horn Playerb the Wizard's attributes: Background: You were a Thaumaturge, a level 8 female orcish Wizard. You were chaotic, on a mission for Anhur who was opposed by Ptah (lawful) and Thoth (neutral). You were right-handed. You were in the Gnomish Mines, on level 5. You entered the dungeon 6263 turns ago. There was a new moon in effect when your adventure ended. You had 1752 experience points, 808 more were needed to attain level 9. Your score was 8198 before end-of-game adjustments. Basics: You had 0 out of 74 hit points. You had 2 out of 74 energy points (spell power). Your armor class was 3. Your wallet contained 730 zorkmids. Autopickup was off. Final Characteristics: Your strength was 12 (limit:18/50). Your dexterity was 14 (limit:18). Your constitution was 18 (limit:18). Your intelligence was 16 (limit:16). Your wisdom was 12 (limit:16). Your charisma was 10 (limit:16). Final Status: You were temporarily blind. You were held by a giant mimic (southeast). You were satiated. You were unencumbered. You were wielding daggers. You had basic skill with dagger and could have enhanced that. Final Attributes: You were piously aligned. You were magic-protected. You were cold resistant. You were sleep resistant. You were poison resistant. You were warned. You had infravision. You had a small bonus to hit (+2). You were warded. You were very fast. You are dead. Miscellaneous: You encountered 2 bones levels. Total elapsed playing time was 2 hours, 15 minutes and 12 seconds. Major events: Turn 1: playerb the chaotic female orcish Wizard entered the dungeon 678: entered the Gnomish Mines 799: attained the rank of Conjurer (level 3) 3985: attained the rank of Thaumaturge (level 6) 4982: entered Sokoban 5903: found Excalibur on the floor 5966: reached Mine Town 6263: killed by a giant mimic Vanquished creatures: a winter wolf 2 small mimics a large cat a chameleon 5 wolves a spotted jelly 3 leprechauns an orc-captain a giant spider a vampire bat a gnome ruler an orc mummy 2 werewolves 2 lizards 2 dingoes a dog a housecat a jaguar a gray unicorn a raven a plains centaur 2 snakes 2 human zombies 7 Woodland-elves a bugbear a water nymph 3 Uruk-hai an orc shaman a rock piercer a fog cloud 3 yellow lights a shrieker 2 gnome leaders a ghoul 5 giant ants 2 floating eyes 10 dwarves 3 kobold leaders a hill orc a rothe a centipede a giant bat a monkey a wererat an iguana 9 killer bees 3 acid blobs 4 coyotes a gas spore a hobgoblin 2 giant rats 2 cave spiders a brown mold 18 gnomes a gnome zombie 3 geckos 9 jackals 2 foxes 2 kobolds 3 goblins 14 grid bugs a bat 9 lichens 9 newts 178 creatures vanquished. No species were genocided or became extinct. Voluntary challenges: You read items or engraved 10 times. You engraved Elbereth 3 times. You never genocided any monsters. You never polymorphed an object. You never changed form. You used no wishes. You did not violate any of the special Sokoban rules. Achievements: You entered the Gnomish Mines. You attained the rank of Conjurer. You entered a shop. You attained the rank of Thaumaturge. You entered Sokoban. You entered a temple. You entered Minetown. The Dungeons of Doom: levels 1 to 10 Level 1: Level 2: Stairs down to The Gnomish Mines. Level 3: A sink. Level 4: "stash; holywater" A fountain. Level 5: A fountain. Level 6: "stash" A fountain. Level 7: Level 8: "shapechanger here" Level 9: Many fountains. Oracle of Delphi. Level 10: A temple and an altar, a fountain. Stairs up to Sokoban, level 9. The Gnomish Mines: levels 3 to 5 Level 3: Level 4: A grave. Final resting place for dpmdpm-Sam-Hum-Mal-Law, killed by a winter wolf, while frozen by a potion. Level 5: <- You were here. Some fountains, some trees. Final resting place for you, killed by a giant mimic, nabru-Wiz-Elf-Fem-Cha, killed by a gnome lord. Sokoban: Level 9: Unsolved. Game over: ---------- / \ / REST \ / IN \ / PEACE \ / \ | playerb | | 730 Au | | killed by a | | giant mimic | | | | | | 2024 | *| * * * | * _________)/\\_//(\/(/\)/\//\/|_)_______ Goodbye playerb the Wizard... You died in The Gnomish Mines on dungeon level 5 with 8125 points, and 730 pieces of gold, after 6263 moves. You were level 8 with a maximum of 74 hit points when you died.